Description

(edit: origional from Gumiho?)

Scout with Reaper, Follow Up with mass Hellion + Cyclone. Later Tanks

VOD

https://www.twitch.tv/avilo/v/86847820

Build Order

Get SALT Encoding   

  14  0:20  Supply Depot  
  15  0:30  Refinery  
  16  0:45  Barracks  
  17  1:35  Reaper  
  20  1:36  Orbital Command  
  20  1:50  Command Center  
  20  2:00  Supply Depot  
  21  2:15  Refinery  
  22  2:20  Factory  
  22  2:25  Reactor  On Rax - Switch to Factory
  24  2:50  Orbital Command  
  25  3:00  Factory  
  25  3:20  Tech Lab  On Rax Switch to Factoy
  52  4:40  Factory  add Tech lab when done
Spawning Tool Build Advisor. Get it on Overwolf

Go to:

Details

  • Created by: Granas
  • Published on: Sep 01, 2016
  • Modified on: Sep 01, 2016
  • Patch: Pre-3.8.0
Show
View Real Time Build Order
Export as new Build Order

Comments (1)

On Sept. 1, 2016, 2 a.m., Granas  said:

As a Person I dislike his style but I actually like the way he plays.

Create an account to comment!